Map: Orbital Shipyard

Players

Akuma

  • Race: Protoss Protoss
  • League: Platinum

LilDicky - Winner!

  • Race: Terran Terran
  • League: Diamond

VOD

http://www.twitch.tv/tumescentpie

Description

Time

  • Played on: Dec. 4, 2015, 10:46 a.m.
  • Length: 6:03
Show
View Real Time Build Order
Export as new Build Order

Akuma Protoss 

Build Orders: Nexus First 

Get SALT Encoding   

  12  0:01  Probe (Chrono Boost)  
  13  0:12  Probe (Chrono Boost)  
  14  0:22  Pylon  
  14  0:24  Probe (Chrono Boost)  
  15  0:53  Nexus  
  15  1:03  Gateway  
  15  1:12  Assimilator  
  15  1:14  Probe (Chrono Boost)  
  16  1:25  Probe (Chrono Boost)  
  17  1:34  Pylon  
  17  1:35  Probe (Chrono Boost)  
  18  1:52  Probe (Chrono Boost)  
  19  1:55  Cybernetics Core  
  19  2:02  Assimilator  
  19  2:03  Probe (Chrono Boost)  
  20  2:13  Probe (Chrono Boost)  
  21  2:16  Probe (Chrono Boost)  
  22  2:27  Probe (Chrono Boost)  
  23  2:31  Stalker  
  25  2:38  Warp Gate  
  25  2:45  Pylon  
  25  2:46  Mothership Core (Chrono Boost)  
  27  2:53  Pylon  
  27  3:38  Robotics Facility  
  27  3:44  Mothership Core (Chrono Boost)  
  27  3:49  Gateway  
  27  3:53  Gateway  
  27  4:16  Probe (Chrono Boost)  
  28  4:30  Probe (Chrono Boost)  
  29  4:37  Observer  
  30  4:43  Nexus  
  30  4:44  Probe (Chrono Boost)  
  31  4:47  Pylon  
  31  4:49  Probe (Chrono Boost), Pylon  
  32  4:59  Probe (Chrono Boost), Observer  
  34  5:01  Stalker  
  34  5:02  Stalker x2  
  40  5:10  Probe (Chrono Boost)  
  41  5:19  Probe (Chrono Boost)  
  42  5:27  Probe (Chrono Boost), Robotics Bay  
  43  5:30  Probe (Chrono Boost)  
  44  5:37  Pylon  
  44  5:38  Probe (Chrono Boost)  
  43  5:43  Stalker  
Show
View Real Time Build Order
Export as new Build Order

LilDicky Terran - Winner!

Build Orders: MMM Bio 

Get SALT Encoding   

  12  0:02  SCV  
  14  0:14  SCV  
  14  0:19  Supply Depot  
  14  0:26  SCV  
  15  0:29  Refinery  
  15  0:40  SCV  
  16  0:45  Barracks  
  16  0:52  SCV  
  17  1:04  SCV  
  18  1:18  SCV  
  19  1:30  SCV  
  20  1:33  Factory  
  20  1:34  Supply Depot  
  20  1:35  Marine  
  21  1:43  Orbital Command  
  21  1:54  Marine  
  21  2:00  Barracks  
  22  2:10  Barracks  
  22  2:12  Barracks Reactor  
  22  2:16  SCV  
  22  2:20  Refinery  
  23  2:28  SCV  
  23  2:29  Supply Depot  
  24  2:40  SCV, Widow Mine  
  27  2:52  SCV, Barracks Tech Lab  
  27  2:54  Marine x2  
  30  3:06  SCV  
  30  3:08  Widow Mine  
  33  3:25  SCV  
  33  3:26  Barracks Tech Lab  
  32  3:27  Stimpack, Marine x2  
  32  3:31  Supply Depot  
  32  3:33  Marine  
  35  3:37  SCV  
  36  3:45  Marine  
  36  3:47  Marauder  
  39  3:50  Combat Shields  
  39  3:53  SCV, Marauder, Marine  
  43  3:57  Supply Depot  
  43  4:04  Starport  
  43  4:05  SCV  
  44  4:12  Marine  
  44  4:13  Marine x2  
  46  4:24  Marauder  
  46  4:29  Supply Depot  
  46  4:30  Marine  
  47  4:31  Marauder  
  47  4:33  Marine  
  50  4:43  Medivac  
  50  4:45  Marine  
  53  4:48  Marine  
  54  4:53  Marauder  
  56  5:11  Supply Depot  
  56  5:12  Marauder, Marine x2  
  62  5:14  Marauder  
  62  5:32  Medivac  
  62  5:33  Supply Depot  
  62  5:34  Marauder  
  68  5:36  Marauder  
Tags
 
Add a new tag
Caveats
  • Supply blocks, unpowered buildings, or Contaminate may cause inaccurate times.
  • Supply counts are checked every 10 seconds.